 Dungeon Crawl Stone Soup version 0.30-a0-364-gf6b3ef1049 (webtiles) character file.

Game seed: 9059406545320376781

142 AeshMezareph the Magician (level 5, -1/39 HPs)
             Began as a Djinni Conjurer on Nov 14, 2022.
             Slain by a gnoll
             ... wielding a +0 flail
              (14 damage)
             ... on level 3 of the Dungeon.
             The game lasted 00:05:44 (1923 turns).

AeshMezareph the Magician (Djinni Conjurer)         Turns: 1923, Time: 00:05:46

Health: -1/39      AC:  2    Str:  6    XL:     5   Next: 49%
Gold:   128        EV: 12    Int: 21    God:
                   SH:  0    Dex: 12

rFire   + + .      SeeInvis .    h - +0 dagger (drain)
rCold   x . .      Faith    .    (no shield)
rNeg    . . .      Spirit   .    a - +0 robe
rPois   ∞          Reflect  .    k - +0 hat
rElec   .          Harm     .    (no cloak)
rCorr   .          Rampage  .    (no gloves)
Will    .....                    (boots unavailable)
Stlth   ++........               (no amulet)
HPRegen 0.26/turn                (no ring)
MPRegen 0.00/turn                (no ring)

@: flying
A: sickness immunity, fire resistance 2, cold vulnerability 1, float, innate
caster, HP casting, extra vitality 1
a: no special abilities


You were on level 3 of the Dungeon.
You visited 1 branch of the dungeon, and saw 3 of its levels.

You collected 128 gold pieces.

Inventory:

Hand Weapons
 d - a +0 mace of holy wrath
 h - a +0 dagger of draining (weapon)
Armour
 a - a +0 robe (worn)
 f - a +0 kite shield
 k - a +0 hat (worn)
Scrolls
 b - 3 scrolls of blinking {unknown}
 c - 7 scrolls of identify {unknown}
 i - a scroll of immolation {unknown}
 j - a scroll of acquirement {unknown}
 l - a scroll of summoning {unknown}
 m - 2 scrolls of teleportation {unknown}
 o - a scroll of poison {unknown}
 r - a scroll of noise {unknown}
Potions
 e - 2 potions of mutation {unknown}
 g - a potion of curing {unknown}
 n - a potion of cancellation {unknown}
 p - a potion of brilliance {unknown}
 q - 2 potions of degeneration {unknown}


   Skills:
 + Level 2.4 Fighting
 - Level 2.3 Dodging
 - Level 1.7 Stealth
 + Level 1.7 Shields
 * Level 4.1 Spellcasting


You couldn't memorise any spells.
You knew the following spells:

 Your Spells              Type           Power      Damage    Failure   Level
a - Magic Dart            Conj           84%        1d7       2%          1
b - Searing Ray           Conj           42%        2d6       3%          2
c - Dazzling Flash        Conj/Hex       42%        N/A       6%          3
d - Fulminant Prism       Conj/Hex       10%        3d8       22%         4
e - Iskenderun's Mystic   Conj/Tloc      21%        2d6       22%         4
f - Sandblast             Erth           42%        2d11      2%          1
g - Static Discharge      Conj/Air       42%        2-4/arc   3%          2
Your spell library was empty.

Dungeon Overview and Level Annotations

Branches:
Dungeon (3/15)

Altars:

Annotations:
D:2 Sigmund


Innate Abilities, Weirdness & Mutations

You are immune to sickness and miasma.
You are immune to poison.
Your flesh is very heat resistant. (rF++)
You are vulnerable to cold. (rC-)
You float through the air rather than walking.
You learn spells naturally, not from books.
Your magical power is your life essence.
You have superior vitality. (+4 MHP)


Message History

Press: ? - help, Shift-Dir - straight line, f - gnoll
Aim: a gnoll, wielding a +0 rapier (100% to hit)
The magic dart hits the gnoll.
The gnoll is moderately wounded.
Casting: Magic Dart (safe; 2% risk of failure)
Confirm with . or Enter, or press ? or * to list all spells.
Aiming: Magic Dart (safe; 2% risk of failure)
Press: ? - help, Shift-Dir - straight line, f/p - gnoll
Aim: a gnoll, wielding a +0 rapier (moderately wounded, 100% to hit)
The magic dart hits the gnoll.
The gnoll is heavily wounded.
Casting: Magic Dart (safe; 2% risk of failure)
Confirm with . or Enter, or press ? or * to list all spells.
Aiming: Sandblast (safe; 2% risk of failure)
Press: ? - help, Shift-Dir - straight line, f/p - gnoll
Aim: a gnoll, wielding a +0 rapier (heavily wounded, 85% to hit)
The blast of sand hits the gnoll!
You kill the gnoll!
Casting: Sandblast (safe; 2% risk of failure)
Confirm with . or Enter, or press ? or * to list all spells.
Aiming: Sandblast (safe; 2% risk of failure)
Press: ? - help, Shift-Dir - straight line, f - gnoll
Aim: a gnoll, wielding a +0 flail (85% to hit)
The blast of sand hits the gnoll.
The gnoll is moderately wounded.
Casting: Sandblast (safe; 2% risk of failure)
Confirm with . or Enter, or press ? or * to list all spells.
Aiming: Sandblast (safe; 2% risk of failure)
Press: ? - help, Shift-Dir - straight line, f/p - gnoll
Aim: a gnoll, wielding a +0 flail (moderately wounded, 85% to hit)
The blast of sand hits the gnoll.
The gnoll is heavily wounded.
The gnoll hits you with a +0 flail! The gnoll hits you with a +0 flail.
Casting: Sandblast (safe; 2% risk of failure)
Confirm with . or Enter, or press ? or * to list all spells.
The gnoll is struck by an arc of lightning.
The gnoll is almost dead.
You are struck by an arc of lightning.
The lightning grounds out.
The gnoll hits you with a +0 flail!
You die...

#.#.###......).... ..##
#.#.#...#...##.... ....
#.#.####...###.... .#.#.
#.#.# #...........
..)..##.#.# #.#........#
.#.#).#.#.###.#........#
........#.....#........#
#....g#######.........#
##.@.......#.......#
###########.......#
#.......# #.......#
#########


You could see a gnoll.

Vanquished Creatures
  A jelly (D:3)
  An orc wizard (D:3)
  2 gnolls (D:3)
  2 adders (D:2)
  A worm (D:3)
  2 dart slugs
  3 orcs (D:3)
  3 endoplasms
  A giant cockroach (D:3)
  3 goblins
  6 hobgoblins
  3 jackals (D:2)
  A quokka (D:2)
  4 ball pythons
  2 bats
  4 frilled lizards
  3 kobolds
  A rat (D:1)
43 creatures vanquished.

Notes
Turn   | Place    | Note
-------+----------+-------------------------------------------
     0 | D:1      | AeshMezareph the Djinni Conjurer began the quest for the
                  | Orb.
     0 | D:1      | AeshMezareph set off with the following spells memorised:
                  | Magic Dart, Searing Ray, Dazzling Flash, Fulminant Prism,
                  | Iskenderun's Mystic Blast.
     0 | D:1      | Reached XP level 1. HP: 15/15 MP: 0/0
   314 | D:1      | Reached XP level 2. HP: 17/22 MP: 0/0
   829 | D:2      | Reached skill level 1 in Fighting
   843 | D:2      | Reached XP level 3. HP: 23/27 MP: 0/0
   843 | D:2      | Learned a level 1 spell: Sandblast
  1253 | D:2      | Reached XP level 4. HP: 31/33 MP: 0/0
  1431 | D:2      | Noticed Sigmund
  1505 | D:3      | Reached skill level 1 in Shields
  1637 | D:3      | Reached skill level 4 in Spellcasting
  1637 | D:3      | Reached XP level 5. HP: 32/38 MP: 0/0
  1637 | D:3      | Learned a level 2 spell: Static Discharge
  1923 | D:3      | Slain by a gnoll

Illustrated notes

Levels and vault maps discovered:
D:1:      scummos_arrival_checkerplants, layout_loops_ring
D:2:      layout_loops_cross, glass_columns_a, uniq_sigmund
D:3:      layout_rooms, serial_co_window_serial, co_window_paths_a,
          co_window_of_opportunity_a, co_window_corner_a, co_window_cross_1,
          co_window_corner_a, co_window_paths_b, co_window_paths_a,
          co_window_2corner, co_window_2corner, co_window_broadway_c,
          co_window_paths_d, glass_columns_a, glass_columns_c, glass_columns_a,
          glass_columns_c, uniq_robin

Skill      XL: |  1  2  3  4 |
---------------+-------------+-----
Fighting       | 1 2 |  2.4
Shields        | 1 |  1.7
Spellcasting   | 4 |  4.1
Dodging        | |  2.3
Stealth        | |  1.7

Action                   |  1- 3 |  4- 6 || total
-------------------------+-------+-------++-------
Melee: Mace              |     3 |       ||     3
 Cast: Magic Dart        |    39 |    24 ||    63
       Searing Ray       |     5 |       ||     5
       Sandblast         |     4 |    14 ||    18
       Static Discharge  |       |     1 ||     1
Dodge: Dodged            |     5 |     2 ||     7

Table legend: (Time is in decaauts)
 A = Elapsed time spent in this place.
 B = Non-inter-level travel time spent in this place.
 C = Inter-level travel time spent in this place.
 D = Time resting spent in this place.
 E = Time spent auto-exploring this place.
 F = Levels seen in this place.
 G = Mean time per level.
                   A        B        C        D        E       F      G
               +--------+--------+--------+--------+--------+-----+--------+
         Total |   1931 |   1828 |    103 |      0 |   1560 |   3 |  643.7 |
       Dungeon |   1931 |   1828 |    103 |      0 |   1560 |   3 |  643.7 |
               +--------+--------+--------+--------+--------+-----+--------+

Top non-repeatable levels by time:
     D:1: 813 daAuts
     D:2: 657 daAuts
     D:3: 460 daAuts
